 Dungeon Crawl Stone Soup version 0.24-a0-581-gc0fa6600bf (webtiles) character file.

Game seed: 12108414924522016331

5732 potatomancer the Magician (level 10, 0/71 HPs)
             Began as a Gnoll Warper on Aug 24, 2019.
             Was a Priest of Hepliaklqana.
             Slain by a troll (15 damage)
             ... on level 8 of the Dungeon.
             The game lasted 01:14:18 (6451 turns).

potatomancer the Magician (Gnoll Warper)            Turns: 6451, Time: 01:14:19

Health: 0/71       AC: 15    Str: 13    XL:     10   Next: 77%
Magic:  21/21      EV: 18    Int: 18    God:    Hepliaklqana [***...]
Gold:   429        SH: 10    Dex: 16    Spells: 19/24 levels left

rFire    + . .     SeeInvis .   O - +1 falchion (freeze)
rCold    + . .     Gourm    .   a - +0 shield
rNeg     . . .     Faith    .   b - +1 leather armour
rPois    +         Spirit   .   K - +1 helmet
rElec    +         Reflect  .   (no cloak)
rCorr    +         Harm     .   (no gloves)
MR       .....                  g - +2 pair of boots
Stlth    +++.......             H - amulet of magic regeneration
HPRegen  0.21/turn              l - +4 ring of evasion
MPRegen  0.42/turn              v - +5 ring of protection

@: resistant, very slightly contaminated, slowed, very slow
A: distributed training, reduced essence, fangs 1, strong nose
a: Recall Ancestor, Ancestor Identity, Transference, Renounce Religion


You were on level 8 of the Dungeon.
You worshipped Hepliaklqana.
Hepliaklqana was most pleased with you.
You were not hungry.

You visited 2 branches of the dungeon, and saw 9 of its levels.

You collected 429 gold pieces.

Inventory:

Hand Weapons
 d - a +0 hand axe of electrocution
 n - a +0 long sword
 p - a +0 shortbow
 q - a +4 dagger
 J - a +2 flail of holy wrath
 O - a +1 falchion of freezing (weapon)
Missiles
 u - 7 boomerangs (quivered)
 P - 13 arrows
Armour
 a - a +0 shield (worn)
 b - a +1 leather armour (worn)
 g - a +2 pair of boots (worn)
 K - a +1 helmet (worn)
Jewellery
 l - a +4 ring of evasion (left hand)
 v - a +5 ring of protection (right hand)
 H - an amulet of magic regeneration (around neck)
Wands
 x - a wand of digging (5)
 B - a wand of acid (7)
 E - a wand of paralysis (6)
 F - a wand of scattershot (1)
 L - a wand of random effects (17)
Scrolls
 h - 2 scrolls of amnesia
 m - a scroll of remove curse
 r - 5 scrolls of identify
 s - a scroll of fog {unknown}
 t - 3 scrolls of enchant weapon {unknown}
 w - a scroll of noise {unknown}
 z - 5 scrolls of teleportation {unknown}
 C - 5 scrolls of enchant armour
 M - a scroll of magic mapping {unknown}
Potions
 c - a potion of agility {unknown}
 A - a potion of flight
 D - 2 potions of mutation {unknown}
 G - a potion of degeneration {unknown}
 I - a potion of might {unknown}
Comestibles
 f - 13 rations


   Skills:
 + Level 7.2 Fighting
 + Level 5.5 Short Blades
 + Level 7.2 Long Blades
 + Level 5.5 Axes
 + Level 5.5 Maces & Flails
 + Level 5.5 Polearms
 + Level 5.5 Staves
 + Level 5.5 Slings
 + Level 5.5 Bows
 + Level 5.5 Crossbows
 + Level 6.1 Throwing
 + Level 6.1 Armour
 + Level 7.2 Dodging
 + Level 5.5 Stealth
 + Level 5.5 Shields
 + Level 5.5 Unarmed Combat
 + Level 7.5 Spellcasting
 + Level 4.5 Conjurations
 + Level 4.5 Hexes
 + Level 4.5 Charms
 + Level 4.5 Summonings
 + Level 4.5 Necromancy
 + Level 7.2 Translocations
 + Level 4.5 Transmutations
 + Level 4.5 Fire Magic
 + Level 4.5 Ice Magic
 + Level 4.5 Air Magic
 + Level 4.5 Earth Magic
 + Level 4.5 Poison Magic
 + Level 6.0 Invocations
 + Level 5.5 Evocations


You had 19 spell levels left.
You knew the following spells:

 Your Spells              Type           Power        Failure   Level  Hunger
a - Shroud of Golubria    Chrm/Tloc      ####..       6%          2    None
b - Gell's Gravitas       Tloc           ####......   7%          3    #......

Your spell library contained the following spells:

 Spells                   Type           Power        Failure   Level  Hunger
 Blink                    Tloc           N/A          3%          2    None
 Animate Skeleton         Necr           N/A          7%          1    None
 Lesser Beckoning         Tloc           ####......   7%          3    #......
 Teleport Other           Tloc           ####....     7%          3    #......
 Corpse Rot               Necr           N/A          10%         2    None
 Passage of Golubria      Tloc           N/A          22%         4    ###....
 Cause Fear               Hex            ###.......   54%         4    ###....
 Agony                    Necr           ###.....     88%         5    #####..
 Discord                  Hex            ###.......   100%        8    #######


Dungeon Overview and Level Annotations

Branches:
Dungeon (8/15)             Temple (1/1) D:6
   Lair: D:8-11

Altars:
Ashenzari
Cheibriados
Dithmenos
Fedhas
Gozag
Hepliaklqana
Kikubaaqudgha
Makhleb
Nemelex Xobeh
Okawaru
Ru
Sif Muna
Trog
Vehumet
Wu Jian
Xom
Yredelemnul
Zin
The Shining One

Shops:
D:7 *%

Annotations:
D:2 1 runed translucent door, Crazy Yiuf


Innate Abilities, Weirdness & Mutations

Your experience applies equally to all skills.
You have very sharp teeth.
Your uncanny sense of smell can sniff out nearby items.
Your life essence is reduced to manifest your ancestor. (-10% HP)


Message History

The hound is severely wounded.
The hound bites you but does no damage.
The troll bites Shatu-murrim!
Shatu-murrim is destroyed!
The hound closely misses you.
You hit the big kobold but do no damage.
The big kobold is almost dead.
The hound misses you.
You riposte.
You slash the hound! You freeze the hound.
You kill the hound!
The big kobold barely misses you.
You hit the big kobold. You freeze the big kobold.
You kill the big kobold!
The sky beast flickers out of sight!
Deactivating autopickup; reactivate with Ctrl-A.
The crimson imp lashes its tail.
The troll barely misses you. The troll claws you!
* * * LOW HITPOINT WARNING * * *
The troll barely misses you.
You feel better. You block the troll's attack. x2
The troll claws you but does no damage. The troll bites you!
You die...

#....†##.K..##......
#...##h)T.###......
#.#..s#...# #......
#..................
##...5#..........##.
#...K###.......... .
##{KK##........
##TH........[.
#.@?..........
##..#........ ####
.#.


You could see a hippogriff, a troll, a scorpion, a hound (wandering), a crimson
imp and 3 kobolds.

Vanquished Creatures
  Erica (D:8)
  The ghost of Mame the Cleaver, a novice HOFi of Okawaru (D:6)
  The ghost of Zero the Caller, a novice GnSu (D:6)
  Prince Ribbit (D:7)
  A spriggan (D:7)
  Menkaure (D:7)
  A soldier ant (D:8)
  A water moccasin (D:8)
  An orc warrior (D:7)
  A black bear (D:7)
  An ogre (D:5)
  An ice beast (D:5)
  A phantom (D:4)
  3 wolves (D:8)
  A centaur (D:8)
  Blork the orc (D:5)
  A big kobold (D:8)
  A gnoll sergeant (D:7)
  3 bullfrogs
  A scorpion (D:8)
  A howler monkey (D:2)
  2 crimson imps
  A centaur zombie (D:5)
  2 hounds (D:8)
  A bullfrog skeleton (D:2)
  4 orc priests
  3 jellies
  2 orc wizards
  Jessica (D:2)
  2 iguanas (D:4)
  2 worker ants
  10 adders
  2 gnolls (D:7)
  A shadow imp (D:5)
  An adder zombie (D:5)
  An ooze (D:2)
  A worm (D:3)
  4 dart slugs
  2 leopard geckos
  16 orcs
  7 giant cockroaches
  15 goblins
  7 hobgoblins
  5 jackals
  2 quokkas
  A ball python (D:1)
  12 bats
  8 frilled lizards
  8 kobolds
  A quokka zombie (D:7)
  8 rats
157 creatures vanquished.

Vanquished Creatures (collateral kills)
  A hippogriff (D:8)
  A wyvern (D:8)
  Sigmund (D:2)
  A hungry ghost (D:8)
  An orc warrior (D:8)
  2 phantoms (D:6)
  A centaur (D:8)
  A bullfrog (D:8)
  A scorpion (D:7)
  A crimson imp (D:4)
  4 hounds (D:8)
  3 jellies
  3 orc wizards
  Ijyb (D:4)
  A worker ant (D:8)
  A hound skeleton (D:6)
  2 gnolls (D:7)
  An adder (D:5)
  A shadow imp (D:4)
  A leopard gecko (D:7)
  8 orcs
  2 goblins
  A jackal (D:4)
  A kobold (D:8)
  A bat (D:3)
  A frilled lizard (D:2)
43 creatures vanquished.

Vanquished Creatures (others)
  3 battlemagi
  6 withered plants (D:6)
9 creatures vanquished.

Grand Total: 209 creatures vanquished

Notes
Turn   | Place    | Note
-------+----------+-------------------------------------------
     0 | D:1      | potatomancer the Gnoll Warper began the quest for the Orb.
     0 | D:1      | Reached XP level 1. HP: 20/20 MP: 6/6
    74 | D:2      | Found a burning altar of Makhleb.
    74 | D:2      | Noticed a howler monkey
   101 | D:2      | Reached XP level 2. HP: 19/26 MP: 7/7
   174 | D:2      | Killed a howler monkey
   174 | D:2      | Reached skill level 5 in Spellcasting
   174 | D:2      | Reached skill level 1 in Invocations
   174 | D:2      | Reached XP level 3. HP: 28/31 MP: 7/9
   179 | D:2      | Learned a level 2 spell: Blink
   183 | D:2      | Learned a level 3 spell: Gell's Gravitas
   185 | D:2      | Noticed a bullfrog
   190 | D:2      | Killed a bullfrog
   190 | D:2      | Reached skill level 1 in Short Blades
   190 | D:2      | Reached skill level 1 in Axes
   190 | D:2      | Reached skill level 1 in Maces & Flails
   190 | D:2      | Reached skill level 1 in Polearms
   190 | D:2      | Reached skill level 1 in Staves
   190 | D:2      | Reached skill level 1 in Slings
   190 | D:2      | Reached skill level 1 in Bows
   190 | D:2      | Reached skill level 1 in Crossbows
   190 | D:2      | Reached skill level 1 in Stealth
   190 | D:2      | Reached skill level 1 in Shields
   190 | D:2      | Reached skill level 1 in Unarmed Combat
   190 | D:2      | Reached skill level 1 in Conjurations
   190 | D:2      | Reached skill level 1 in Hexes
   190 | D:2      | Reached skill level 1 in Charms
   190 | D:2      | Reached skill level 1 in Summonings
   190 | D:2      | Reached skill level 1 in Necromancy
   190 | D:2      | Reached skill level 1 in Transmutations
   190 | D:2      | Reached skill level 1 in Fire Magic
   190 | D:2      | Reached skill level 1 in Ice Magic
   190 | D:2      | Reached skill level 1 in Air Magic
   190 | D:2      | Reached skill level 1 in Earth Magic
   190 | D:2      | Reached skill level 1 in Poison Magic
   190 | D:2      | Reached skill level 1 in Evocations
   190 | D:2      | Reached XP level 4. HP: 24/38 MP: 9/11
   223 | D:1      | Reached XP level 5. HP: 22/43 MP: 12/12
  1296 | D:2      | Noticed Jessica
  1302 | D:2      | Killed Jessica
  1395 | D:2      | Found a runed translucent door.
  1396 | D:2      | Noticed Crazy Yiuf
  1520 | D:2      | Found a hazy altar of Hepliaklqana.
  1531 | D:2      | Became a worshipper of Hepliaklqana the Forgotten
  1679 | D:2      | Noticed Sigmund
  1686 | D:2      | Killed Sigmund
  1686 | D:2      | Reached skill level 5 in Fighting
  1686 | D:2      | Reached skill level 5 in Long Blades
  1686 | D:2      | Reached skill level 5 in Dodging
  1686 | D:2      | Reached XP level 6. HP: 37/45 MP: 14/14
  1807 | D:3      | Reached XP level 7. HP: 19/50 MP: 15/15
  1990 | D:3      | Found an ancient bone altar of Kikubaaqudgha.
  2713 | D:4      | Reached * piety under Hepliaklqana
  2757 | D:4      | Noticed Ijyb
  2765 | D:4      | Killed Ijyb
  3000 | D:4      | Learned a level 2 spell: Shroud of Golubria
  3071 | D:4      | Reached XP level 8. HP: 43/56 MP: 16/16
  3204 | D:5      | Entered Level 5 of the Dungeon
  3455 | D:5      | Got a bloodstained ring mail
  3521 | D:5      | Identified the cursed +0 ring mail "Qaliyl" {SInv Stlth+}
                  | (You found it on level 5 of the Dungeon)
  3751 | D:5      | Reached ** piety under Hepliaklqana
  3755 | D:5      | Remembered your ancestor Shatu-murrim as a battlemage
  3851 | D:5      | Noticed Blork the orc
  3859 | D:5      | Killed Blork the orc
  4276 | D:6      | Found a staircase to the Ecumenical Temple.
  4463 | Temple   | Entered the Ecumenical Temple
  4573 | D:6      | Found a runed translucent gate.
  4573 | D:6      | Found a runed translucent gate.
  4577 | D:6      | Noticed Mame's ghost (novice HOFi)
  4577 | D:6      | Noticed Zero's ghost (novice GnSu)
  4578 | D:6      | Found a runed translucent gate.
  4658 | D:6      | Found a shadowy altar of Dithmenos.
  4663 | D:6      | Found an ornate altar of the Wu Jian Council.
  4690 | D:6      | Found a glowing silver altar of Zin.
  4692 | D:6      | Found a glowing golden altar of the Shining One.
  4746 | D:6      | Reached XP level 9. HP: 49/62 MP: 18/18
  5194 | D:7      | Found Gozag's Platinum Reserve.
  5198 | D:7      | Found an opulent altar of Gozag.
  5433 | D:7      | Noticed Menkaure
  5461 | D:7      | Killed Menkaure
  5565 | D:7      | Reached skill level 5 in Throwing
  5565 | D:7      | Reached skill level 5 in Armour
  5692 | D:7      | Found Potahe's Food Boutique.
  5759 | D:7      | Noticed Prince Ribbit
  5771 | D:7      | Killed Prince Ribbit
  5864 | D:7      | Reached *** piety under Hepliaklqana
  6152 | D:6      | Killed Zero's ghost
  6152 | D:6      | Reached skill level 5 in Invocations
  6157 | D:6      | Killed Mame's ghost
  6157 | D:6      | Reached XP level 10. HP: 26/69 MP: 20/20
  6171 | D:6      | Identified the Compendium of the Ghastly Oath
  6324 | D:8      | Reached skill level 5 in Short Blades
  6324 | D:8      | Reached skill level 5 in Axes
  6324 | D:8      | Reached skill level 5 in Maces & Flails
  6324 | D:8      | Reached skill level 5 in Polearms
  6324 | D:8      | Reached skill level 5 in Staves
  6324 | D:8      | Reached skill level 5 in Slings
  6324 | D:8      | Reached skill level 5 in Bows
  6324 | D:8      | Reached skill level 5 in Crossbows
  6324 | D:8      | Reached skill level 5 in Stealth
  6324 | D:8      | Reached skill level 5 in Shields
  6324 | D:8      | Reached skill level 5 in Unarmed Combat
  6324 | D:8      | Reached skill level 5 in Evocations
  6366 | D:8      | Noticed Erica
  6392 | D:8      | HP: 1/69 [acid (9)]
  6431 | D:8      | Killed Erica
  6451 | D:8      | Slain by a troll

Levels and vault maps discovered:
D:1:      lemuel_arrival_lava_pool, layout_basic
D:2:      layout_basic, nicolae_overflow_crystal_walls, lemuel_crystal_altar,
          first_ration, uniq_jessica, uniq_sigmund, uniq_crazy_yiuf_cottage
D:3:      layout_rooms, kiku_gazebo_pond_becter, wad_orctagon
D:4:      kennysheep_goblin_castle, layout_rooms, minmay_misc_feat_enclosed
D:5:      layout_cave_pods, uniq_blork_the_orc
D:6:      layout_basic, nicolae_overflow_hidden_temple,
          minmay_temple_entry_statues_fountains, gammafunk_ghost_cemetery
D:7:      layout_loops_ring, nicolae_gozag_zags_fifth_avenue, serial_shops,
          shop_statue, the_bakery, uniq_menkaure, uniq_prince_ribbit1
D:8:      layout_cave_pools, erik_lair_island, uniq_erica
Temple:   minmay_freezing_vapour_temple

Skill      XL: |  1  2  3  4  5  6  7  8  9 10 |
---------------+-------------------------------+-----
Spellcasting   | 5 6 7 |  7.5
Invocations    | 1 2 3 4 5 6 |  6.0
Short Blades   | 1 2 3 4 5 |  5.5
Axes           | 1 2 3 4 5 |  5.5
Maces & Flails | 1 2 3 4 5 |  5.5
Polearms       | 1 2 3 4 5 |  5.5
Staves         | 1 2 3 4 5 |  5.5
Slings         | 1 2 3 4 5 |  5.5
Bows           | 1 2 3 4 5 |  5.5
Crossbows      | 1 2 3 4 5 |  5.5
Stealth        | 1 2 3 4 5 |  5.5
Shields        | 1 2 3 4 5 |  5.5
Unarmed Combat | 1 2 3 4 5 |  5.5
Conjurations   | 1 2 3 4 |  4.5
Hexes          | 1 2 3 4 |  4.5
Charms         | 1 2 3 4 |  4.5
Summonings     | 1 2 3 4 |  4.5
Necromancy     | 1 2 3 4 |  4.5
Transmutations | 1 2 3 4 |  4.5
Fire Magic     | 1 2 3 4 |  4.5
Ice Magic      | 1 2 3 4 |  4.5
Air Magic      | 1 2 3 4 |  4.5
Earth Magic    | 1 2 3 4 |  4.5
Poison Magic   | 1 2 3 4 |  4.5
Evocations     | 1 2 3 4 5 |  5.5
Throwing       | 3 4 5 6 |  6.1
Armour         | 3 4 5 6 |  6.1
Fighting       | 5 6 7 |  7.2
Long Blades    | 5 6 7 |  7.2
Dodging        | 5 6 7 |  7.2
Translocations | 6 7 |  7.2

Action                   |  1- 3 |  4- 6 |  7- 9 | 10-12 || total
-------------------------+-------+-------+-------+-------++-------
Melee: Falchion          |    19 |       |       |     8 ||    27
       Bite              |     4 |     5 |    31 |     7 ||    47
       Hand axe          |     7 |   111 |   236 |       ||   354
       Punch             |       |     1 |     1 |       ||     2
       Mace              |       |       |     2 |       ||     2
       Flail             |       |       |    19 |       ||    19
       Long sword        |       |       |    18 |    71 ||    89
Throw: Boomerang         |       |     4 |       |     2 ||     6
       Throwing net      |       |       |       |     1 ||     1
 Cast: Shroud of Golubri |       |       |     2 |     3 ||     5
Invok: Ancestor Life: Ba |       |       |     1 |       ||     1
Evoke: Wand              |       |       |       |     3 ||     3
  Use: Scroll            |     2 |     3 |     6 |     4 ||    15
       Potion            |       |       |     2 |     7 ||     9
 Stab: Sleeping          |       |     5 |     9 |       ||    14
       Distracted        |       |       |     3 |       ||     3
  Eat: Ration            |       |     1 |     4 |       ||     5
       Chunk             |       |       |     2 |       ||     2
Armor: Leather armour    |     6 |    36 |    75 |    46 ||   163
Dodge: Dodged            |    23 |   119 |   240 |   131 ||   513
Block: Shield            |       |       |     3 |    87 ||    90
       Rpst.: Falchion   |     6 |       |       |     4 ||    10
       Long sword        |       |       |     1 |    34 ||    35

Table legend:
 A = Non-vault XP
 B = Vault XP
 C = Vault XP percentage of total XP
 D = Non-vault monster count
 E = Vault monster count
 F = Vault count percentage of total count
                 A         B        C        D         E       F
            +---------+---------+-------+---------+---------+-------
      Total |    4479 |    3710 |  45.3 |     169 |      31 |  15.5
            +---------+---------+-------+---------+---------+-------
        D:1 |      56 |       0 |   0.0 |      32 |       0 |   0.0
        D:2 |     261 |     249 |  48.8 |      27 |       2 |   6.9
        D:3 |     203 |      12 |   5.6 |      25 |       4 |  13.8
        D:4 |     377 |     105 |  21.8 |      17 |      12 |  41.4
        D:5 |     426 |      96 |  18.4 |       9 |       1 |  10.0
        D:6 |     627 |    1193 |  65.5 |      12 |       2 |  14.3
        D:7 |     545 |     652 |  54.5 |      18 |       3 |  14.3
        D:8 |    1984 |    1403 |  41.4 |      29 |       7 |  19.4
            +---------+---------+-------+---------+---------+-------
